 Dungeon Crawl Stone Soup version 0.14.1 (webtiles) character file.

237 Kae the Firebug (level 4, -5/24 HPs)
             Began as a Tengu Fire Elementalist on Apr 29, 2014.
             Slain by Infinimo's ghost (12 damage)
             ... on Level 3 of the Dungeon.
             The game lasted 00:02:44 (1711 turns).

Kae the Firebug (Tengu Fire Elementalist)           Turns: 1711, Time: 00:02:45

HP  -5/24        AC  2     Str  8      XL: 4   Next: 67%
MP   9/9         EV 12     Int 16      God:
Gold 141         SH  0     Dex 15      Spells:  3 memorised,  2 levels left

rFire  . . .     SeeInvis .     (no weapon)
rCold  . . .     Clarity  .     a - +0 robe
rNeg   . . .     Conserve .     (no shield)
rPois  .         rCorr    .     (helmet restricted)
rElec  .         rRot     .     (no cloak)
SustAb . .       Spirit   .     (no gloves)
rMut   .         Warding  .     (boots unavailable)
Saprov . . .     Stasis   .     (no amulet)
MR     .....                    (no ring)
                                (no ring)

@: not resistant to hostile enchantments, fairly stealthy
A: beak, talons 3
a: no special abilities


You were on level 3 of the Dungeon.
You were not hungry.

You visited 1 branch of the dungeon, and saw 3 of its levels.

You collected 141 gold pieces.

Inventory:

Armour
 a - a +0 robe (worn)
Comestibles
 c - 4 bread rations
 d - an apple
 o - 2 meat rations
 t - a chunk of adder flesh
Scrolls
 f - a scroll of recharging {unknown}
 g - 3 scrolls of immolation {unknown}
 h - 4 scrolls of identify {unknown}
 j - a scroll of magic mapping {unknown}
 l - a scroll of enchant weapon I {unknown}
 m - 2 scrolls of teleportation {unknown}
Jewellery
 k - an uncursed amulet of resist mutation {unknown}
Potions
 e - a potion of heal wounds {unknown}
 i - 2 potions of curing {unknown}
 n - a potion of invisibility {unknown}
 p - a potion of restore abilities {unknown}
 r - a potion of confusion {unknown}
 s - a potion of resistance {unknown}
Books
 b - a book of Flames

   Spells                             Type                      Level
   *Flame Tongue                      Conjuration/Fire             1
   *Throw Flame                       Conjuration/Fire             2
   *Conjure Flame                     Conjuration/Fire             3
   Inner Flame                        Hexes/Fire                   3
   Sticky Flame                       Conjuration/Fire             4
   Fireball                           Conjuration/Fire             5
 q - a book of Wizardry

   Spells                             Type                      Level
   Summon Elemental                   Summoning                    4
   Agony                              Necromancy                   5
   Force Lance                        Conjuration                  5
   Haste                              Charms                       6
   Invisibility                       Hexes                        6
   Spellforged Servitor               Conjuration/Summoning        7


   Skills:
 + Level 0.2 Fighting
 - Level 2.1 Dodging
 - Level 2.0 Stealth
 + Level 2.7 Spellcasting
 * Level 2.5 Conjurations
 * Level 4.8 Fire Magic


You had 2 spell levels left.
You knew the following spells:

 Your Spells              Type           Power        Failure   Level  Hunger
a - Flame Tongue          Conj/Fire      ##...        6%          1    #......
b - Throw Flame           Conj/Fire      ##....       10%         2    ##.....
c - Conjure Flame         Conj/Fire      ##......     14%         3    ###....


Dungeon Overview and Level Annotations

Branches:
Dungeon (3/15)

Altars:
Zin

Annotations:
D:3 Infinimo's ghost, average HOFi


Innate Abilities, Weirdness & Mutations

You have a beak for a mouth.
You have claws for feet.


Message History

You continue butchering the corpse.
You finish butchering the adder corpse.
You see here a chunk of adder flesh.
t - a chunk of adder flesh Drink which item? (? for menu, Esc to quit)
Okay, then.
Read which item? (? for menu, Esc to quit)
Okay, then.
Infinimo's ghost hits you but does no damage.
Infinimo's ghost whispers, "They're coming for you..."
Infinimo's ghost hits you!
* * * LOW HITPOINT WARNING * * *
There is an open door here.
Infinimo's ghost screams, "Don't try to defend!
You have no chance!"
There is a stone staircase leading up here.
You see here a rotting worm corpse.
Infinimo's ghost whispers, "There is no future for you."
Infinimo's ghost hits you!
Ouch! That really hurt!
You die...

.#♣......##..+.........#
#......
.#♣_.....#####.........#
#...... .#♣......#
#.........# #......
.#.♣.....# #######+###
#...... ###♣....## ##...
#####+# #.....# #..#
####....## #.#
!........# #####.#####
.........###...p@.%..#
.........'.#....%....#
.........#.#.........#
.........#...........#
.........###.........#
....?....# #...........
.........# #.........#
.........# #.........
.........# #......


You could see Infinimo's ghost.

Vanquished Creatures
  3 adders
  A worm (D:3)
  3 giant geckos
  An orc (D:3)
  8 bats
  4 giant cockroaches
  3 goblins (D:1)
  5 hobgoblins
  12 jackals (D:1)
  A ball python (D:3)
  8 giant newts
  2 kobolds (D:1)
  A rat (D:2)
52 creatures vanquished.

Notes
Turn   | Place    | Note
--------------------------------------------------------------
     0 | D:1      | Kae, the Tengu Fire Elementalist, began the quest for the Orb.
     0 | D:1      | Reached XP level 1. HP: 10/10 MP: 3/3
    64 | D:1      | Reached XP level 2. HP: 6/15 MP: 0/5
   373 | D:1      | Reached skill level 4 in Fire Magic
   427 | D:1      | Reached XP level 3. HP: 19/19 MP: 7/7
  1284 | D:3      | Reached XP level 4. HP: 24/24 MP: 5/9
  1352 | D:3      | Noticed Infinimo's ghost (average HOFi)
  1358 | D:2      | Learned a level 2 spell: Throw Flame
  1362 | D:2      | Learned a level 3 spell: Conjure Flame
  1632 | D:3      | Found a glowing silver altar of Zin.
  1711 | D:3      | Slain by Infinimo's ghost

Action                   |  1- 3 |  4- 6 || total
-------------------------+-------+-------++-------
Melee: Unarmed           |    78 |    17 ||    95
 Cast: Flame Tongue      |    35 |    20 ||    55
